 Dungeon Crawl Stone Soup version 0.31-a0-234-gad7ace16ef (webtiles) character file.

Game seed: 5961443202704187341

128900 Morbidden the Geomancer (level 16, -19/121 (130) HPs)
             Began as a Pale Draconian Earth Elementalist on July 10, 2023.
             Was a High Priest of Cheibriados.
             Demolished by a broodmother (30 damage)
             ... on level 2 of the Spider Nest.
             The game lasted 01:02:41 (41031 turns).

Morbidden the Geomancer (DrEE)                     Turns: 41031, Time: 01:02:43

HP:   -19/121 (130) AC: 19    Str: 25    XL:     16   Next: 49%
MP:   29/30         EV: 10    Int: 32    God:    Cheibriados [*****.]
Gold: 2189          SH:  0    Dex: 29    Spells: 19/35 levels left

rFire   . . .        a - +4 dagger (venom)
rCold   + . .        B - +0 buckler
rNeg    . . .        (body armour unavailable)
rPois   +            y - +1 hat of the Trout {rC+}
rElec   .            s - +2 cloak
rCorr   .            r - +2 pair of gloves
SInv    +            m - +2 pair of boots of Ytoduf {Will- Str+3 Dex+4 SInv}
Will    .....        t - amulet of the acrobat
Stlth   ++++         i - +4 ring of slaying
HPRegen 0.40/turn    D - ring of poison resistance
MPRegen 0.22/turn

%: acrobat
@: held, drained, very slow
A: breathe steam, AC +9, unfitting armour, cold-blooded, steam resistance
a: Breathe Steam, Renounce Religion, Bend Time, Temporal Distortion, Slouch,
Step From Time


You were on level 2 of the Spider Nest.
You worshipped Cheibriados.
Cheibriados was extremely pleased with you.
You visited 6 branches of the dungeon, and saw 26 of its levels.
You also visited: Trove, Gauntlet and Ice Cave.

You collected 2981 gold pieces.
You spent 792 gold pieces at shops.

Inventory:

Hand Weapons
 a - a +4 dagger of venom (weapon)
 b - the +8 hand crossbow of the Usurping Gods {penet, rF+ rC+}
   (You took it off a minotaur in a Gauntlet)

   rF:        It protects you from fire.
   rC:        It protects you from cold.
 F - a +1 double sword of holy wrath
 Q - a +4 scimitar of flaming
Missiles
 c - 6 javelins
 h - 31 boomerangs (quivered)
 j - 133 stones
 w - 6 silver boomerangs
 H - 43 poisoned darts
 J - 7 throwing nets
 L - 10 curare-tipped darts
 N - 5 boomerangs of dispersal
Armour
 m - the +2 pair of boots of Ytoduf (worn) {Will- Str+3 Dex+4 SInv}
   (You found it in a treasure trove)

   Str:       It affects your strength (+3).
   Dex:       It affects your dexterity (+4).
   SInv:      It lets you see invisible.
   Will:      It decreases your willpower.
 r - a +2 pair of gloves (worn)
 s - a +2 cloak (worn)
 u - a +2 pair of boots
 y - the +1 hat of the Trout (worn) {rC+}
   (You found it in a Gauntlet)

   rC:        It protects you from cold.
 B - a +0 buckler (worn)
Jewellery
 e - a +5 ring of evasion
 i - a +4 ring of slaying (left hand)
 t - an amulet of the acrobat (around neck)
 C - a +6 ring of strength
 D - a ring of poison resistance (right hand)
 R - a ring of see invisible
 V - a ring of protection from fire
 X - a ring of protection from cold
Wands
 n - a wand of charming (12)
 G - a wand of iceblast (6)
 O - a wand of flame (32)
 U - a wand of mindburst (15)
 Y - a wand of digging (6)
Scrolls
 k - 6 scrolls of teleportation
 o - 3 scrolls of fear
 p - 3 scrolls of revelation
 x - 2 scrolls of poison
 M - 2 scrolls of blinking
 S - 6 scrolls of immolation
 Z - 2 scrolls of enchant armour
Potions
 d - 4 potions of might
 f - a potion of curing
 g - a potion of resistance
 q - a potion of magic
 z - 2 potions of enlightenment
 A - a potion of heal wounds
 E - 9 potions of attraction
 I - 4 potions of invisibility
 K - 11 potions of ambrosia
 P - 2 potions of berserk rage
 W - 2 potions of cancellation
Miscellaneous
 l - a condenser vane (inert)
 v - a lightning rod (1/4)
 T - a sack of spiders


   Skills:
 * Level 8.8 Fighting
 * Level 8.4(9.2) Short Blades
 * Level 5.7(7.9) Long Blades
 + Level 3.0 Ranged Weapons
 + Level 2.4 Throwing
 * Level 8.4 Dodging
 + Level 4.2 Stealth
 * Level 8.3 Shields
 * Level 8.5 Unarmed Combat
 * Level 10.1 Spellcasting
 * Level 9.7 Conjurations
 * Level 9.1 Transmutations
 * Level 11.3 Earth Magic
 * Level 8.7 Invocations
 * Level 9.0 Evocations


You had 19 spell levels left.
You knew the following spells:

 Your Spells              Type           Power      Damage    Failure   Level
a - Sandblast             Erth           100%       2d20      1%          1
b - Stone Arrow           Conj/Erth      100%       3d13      1%          3
x - Dragon Form           Tmut           33%        N/A       56%         7
z - Irradiate             Conj/Tmut      33%        3d22      1%          5

Your spell library contained the following spells:

 Spells                   Type           Power      Damage    Failure   Level
 Sting                    Tmut/Pois      100%       1d8       1%          1
 Passwall                 Tmut/Erth      57%        N/A       1%          2
 Dazzling Flash           Conj/Hex       94%        N/A       1%          3
 Spider Form              Tmut/Pois      45%        N/A       1%          3
 Petrify                  Tmut/Erth      69%        N/A       1%          4
 Ignite Poison            Fire/Tmut/Pois 35%        N/A       3%          3
 Iskenderun's Mystic Bla  Conj/Tloc      47%        2d10      4%          4
 Ensorcelled Hibernation  Hex/Ice        32%        N/A       5%          2
 Lesser Beckoning         Tloc           32%        N/A       5%          2
 Poisonous Vapours        Pois/Air       32%        N/A       5%          2
 Sublimation of Blood     Necr           16%        N/A       5%          2
 Ice Form                 Ice/Tmut       45%        N/A       5%          4
 Borgnjor's Vile Clutch   Necr/Erth      25%        N/A       10%         5
 Frozen Ramparts          Ice            32%        1d5       11%         3
 Gell's Gravitas          Tloc           16%        N/A       11%         3
 Ozocubu's Armour         Ice            16%        N/A       11%         3
 Teleport Other           Tloc           16%        N/A       11%         3
 Volatile Blastmotes      Fire/Tloc      32%        2d12      11%         3
 Anguish                  Hex/Necr       8%         N/A       34%         4
 Animate Dead             Necr           16%        N/A       34%         4
 Olgreb's Toxic Radiance  Pois           16%        N/A       34%         4
 Summon Ice Beast         Ice/Summ       16%        N/A       34%         4
 Starburst                Conj/Fire      23%        6d8       56%         6
 Death Channel            Necr           8%         N/A       99%         6
 Storm Form               Tmut/Air       22%        N/A       99%         7
 Ozocubu's Refrigeration  Ice            8%         4d9       100%        7


Dungeon Overview and Level Annotations

Branches:
Dungeon (15/15)            Temple (1/1) D:7            Lair (5/5) D:9
 Shoals (1/4) Lair:3       Spider (2/4) Lair:2        Slime (0/5) Lair:4
    Orc (2/2) D:10            Elf (0/3) Orc:2        Vaults (0/5) D:13
 Depths (0/4) D:15          IceCv (visited)         Gauntlet (visited)

Altars:
Ashenzari
Cheibriados
Dithmenos
Elyvilon
Fedhas
Gozag
Makhleb
Nemelex Xobeh
Okawaru
Qazlal
Sif Muna
Uskayaw
Vehumet
Wu Jian
Xom
Yredelemnul
Zin
Jiyva

Shops:
D:2 (   D:5 [   D:9 *   D:15 (   Orc:2 *!:*[

Annotations:
D:5 2 runed translucent doors
D:13 exclusion: 2 doors
Lair:5 exclusion: obsidian statue


Innate Abilities, Weirdness & Mutations

You can breathe blasts of scalding, opaque steam.
Your pale cyan-grey scales are hard. (AC +9)
You cannot fit into any form of body armour.
You are cold-blooded and may be slowed by cold attacks.
You are immune to the effects of steam.


Message History

Unknown command.
Activating: Slouch (4% risk of failure)
Press: ? - help, Dir - look around, f - activate You can feel time thicken for a moment.
You kill the jumping spider!
The jumping spider's corpse disappears in a puff of smoke!
You kill the jorogumo!
Cheibriados thoroughly appreciates the change of pace.
Cheibriados lowers the support of your attributes as your movement quickens.
The broodmother bites you!!
* * * LOW HITPOINT WARNING * * *
Unknown command.
Unknown command.
Unknown command.
Unknown command.
Unknown command.
Okay, then.
Unknown command.
Unknown command.
Okay, then.
Magic courses through your body.
The broodmother summons spiders!
The broodmother bites you!
* * * LOW HITPOINT WARNING * * *
Unknown command.
Unknown command.
Unknown command.
Unknown command.
You fail to use your ability.
The culicivora bites you but does no damage.
The broodmother barely misses you.
Unknown command.
Unknown command.
Unknown command.
You fail to use your ability.
The jumping spider pounces on you.
* * * LOW HITPOINT WARNING * * *
The jumping spider barely misses you. The culicivora bites you.
* * * LOW HITPOINT WARNING * * *
The culicivora draws strength from your injuries!
The broodmother bites you!!
You die...

##..## # #### ### ##..
##### ####^..
#####...###.#^...
##.#.^...#.^......
#.................
###ss..#^...........
#.s@.............##.
#.†...............#)
#....^.....).#.#.....#
...../..#.###..#.......#
..............#^....#...
..................#....#
....)......#..#..#......
..#.<...#.....#.......<.
.........#...#...


You could see a broodmother, a culicivora (summoned) and a jumping spider
(summoned).

Vanquished Creatures
  Arachne (Spider:2)
  An emperor scorpion (Spider:1)
  3 broodmothers
  A stone giant (D:15)
  A dire elephant (Lair:5)
  A minotaur (Gauntlet)
  Snorg (D:11)
  A merfolk impaler (Shoals:1)
  A great orb of eyes (Gauntlet)
  3 hydras
  2 jorogumos
  7 centaur warriors
  Erica (D:8)
  A radroach (Spider:1)
  7 boulder beetles
  2 tengu warriors (D:15)
  3 two-headed ogres
  17 death yaks
  6 demonic crawlers
  A sixfirhy (Gauntlet)
  Sonja (Lair:1)
  8 pharaoh ants
  3 skysharks
  A sun moth (Spider:1)
  An orb spider (Spider:1)
  2 swamp dragons (Lair:2)
  A sea snake (Lair:3)
  A steelbarb worm (Spider:2)
  7 orc knights
  2 deep elf pyromancers
  3 orc sorcerers
  9 ugly things
  9 wolf spiders
  A cyclops (D:14)
  2 moths of wrath
  2 manticores
  5 black mambas
  A guardian serpent (shapeshifter) (D:15)
  Maurice (Orc:2)
  A merfolk siren (Lair:3)
  24 elephants
  3 torpor snails
  A cane toad (shapeshifter) (D:14)
  An unseen horror (D:12)
  A gargoyle (D:12)
  3 efreet
  13 cane toads
  8 rime drakes
  3 kobold demonologists
  Maggie (D:8)
  10 komodo dragons
  A tengu conjurer (D:13)
  2 ice devils (D:11)
  6 trolls
  A queen bee (Orc:1)
  A hornet (D:9)
  A meliai (Lair:2)
  A polar bear (shapeshifter) (D:15)
  A polar bear (Lair:5)
  A hornet (shapeshifter) (D:14)
  23 tarantellas
  Prince Ribbit (D:9)
  2 snapping turtles (Shoals:1)
  7 blink frogs
  15 slime creatures
  15 jumping spiders
  A vampire (D:13)
  2 shadows
  11 culicivoras
  4 wyverns
  A water elemental (D:11)
  43 yaks
  2 wraiths
  Eustachio (D:6)
  4 fire elementals (D:15)
  4 basilisks
  2 death yak simulacra (Lair:5)
  24 redbacks
  A steam dragon (D:9)
  8 wargs (Orc:2)
  9 vampire mosquitoes
  2 spectral cane toads (Lair:5)
  3 swamp worms (Lair:2)
  An acid dragon (D:10)
  43 orc warriors
  14 water moccasins
  4 black bears
  A sky beast (D:7)
  A tengu (shapeshifter) (D:13)
  7 centaurs
  13 wolves
  5 ogres
  6 kobold brigands
  9 bullfrogs
  6 scorpions
  A gnoll sergeant (D:9)
  A cane toad simulacrum (Lair:5)
  10 wights
  An elephant simulacrum (Lair:5)
  2 lindwurm simulacra (IceCv)
  27 killer bees
  2 electric eels
  2 howler monkeys
  3 lava snakes (D:15)
  4 komodo dragon simulacra (IceCv)
  3 jellies
  A gnoll bouda (Orc:1)
  A hound (D:7)
  12 orc priests
  2 sleepcaps (D:4)
  3 iguanas
  27 orc wizards
  12 gnolls
  2 acid dragon simulacra (IceCv)
  7 adders
  A shadow imp (D:5)
  A white imp (D:6)
  4 ufetubi (Gauntlet)
  4 steam dragon simulacra (IceCv)
  A worm (D:2)
  7 dart slugs
  99 orcs
  7 ball pythons
  12 bats
  4 endoplasms
  A giant cockroach (D:4)
  10 goblins
  4 hobgoblins
  28 kobolds
  4 quokkas
  3 training dummies (D:15)
  5 frilled lizards
  4 rats
  A spectral kobold (D:2)
  A butterfly (Lair:5)
824 creatures vanquished.

Vanquished Creatures (collateral kills)
  An elephant (Lair:4)
1 creature vanquished.

Vanquished Creatures (others)
  A tarantella (Spider:1)
1 creature vanquished.

Grand Total: 826 creatures vanquished

Notes
Turn   | Place    | Note
-------+----------+-------------------------------------------
     0 | D:1      | Morbidden the Draconian Earth Elementalist began the quest
                  | for the Orb.
     0 | D:1      | Reached XP level 1. HP: 14/14 MP: 3/3
   192 | D:1      | Reached XP level 2. HP: 20/20 MP: 5/5
   973 | D:1      | Reached XP level 3. HP: 26/26 MP: 4/6
  1228 | D:2      | Noticed a scorpion
  1240 | D:2      | Killed a scorpion
  1241 | D:2      | Reached skill level 4 in Earth Magic
  1241 | D:2      | Reached XP level 4. HP: 34/34 MP: 3/8
  1309 | D:2      | Got Enagoj's Tractate on the Figure
  1361 | D:2      | Found a faded altar of an unknown god.
  1430 | D:2      | Reached skill level 1 in Fighting
  1513 | D:2      | Found Soleoqet's Weapon Boutique.
  2239 | D:3      | Reached XP level 5. HP: 40/40 MP: 6/9
  2316 | D:3      | Learned a level 3 spell: Stone Arrow
  2848 | D:3      | Found a hide-covered altar of Uskayaw.
  3299 | D:4      | Reached skill level 1 in Evocations
  3417 | D:4      | Found a broken altar of Ashenzari.
  3693 | D:4      | Noticed an ogre
  3700 | D:4      | Killed an ogre
  3701 | D:4      | Reached skill level 1 in Unarmed Combat
  3701 | D:4      | Reached XP level 6. HP: 47/47 MP: 9/11
  3995 | D:5      | Entered Level 5 of the Dungeon
  3995 | D:5      | Found Oruf's Antique Armour Shop.
  3998 | D:5      | Bought a buckler for 90 gold pieces
  4131 | D:5      | Found a runed translucent door.
  4133 | D:5      | Found a runed translucent door.
  4415 | D:5      | Your scales start taking on a pale cyan-grey colour.
  4415 | D:5      | Reached XP level 7. HP: 53/53 MP: 11/13
  4415 | D:5      | Gained mutation: You are immune to the effects of steam.
                  | [Pale Draconian growth]
  4589 | D:5      | Reached skill level 1 in Short Blades
  4692 | D:5      | Reached skill level 1 in Conjurations
  4728 | D:5      | Reached skill level 5 in Earth Magic
  5055 | D:5      | Reached skill level 1 in Shields
  5160 | D:5      | Found a shimmering blue altar of Sif Muna.
  5374 | D:6      | Found a glowing silver altar of Zin.
  5444 | D:6      | Noticed a wraith
  5525 | D:6      | Killed a wraith
  5526 | D:6      | Reached XP level 8. HP: 9/61 MP: 6/15
  5700 | D:6      | Reached skill level 5 in Spellcasting
  5839 | D:6      | Found a shadowy altar of Dithmenos.
  5847 | D:6      | Noticed Eustachio
  5864 | D:6      | Killed Eustachio
  6762 | D:7      | Reached XP level 9. HP: 68/68 MP: 17/17
  6811 | D:7      | Found a white marble altar of Elyvilon.
  6868 | D:7      | Found a staircase to the Ecumenical Temple.
  6910 | Temple   | Entered the Ecumenical Temple
  6995 | Temple   | Became a worshipper of Cheibriados the Contemplative
  7646 | D:7      | Reached skill level 6 in Earth Magic
  7847 | D:8      | Noticed Maggie
  7875 | D:8      | Killed Maggie
  8032 | D:8      | Reached skill level 1 in Invocations
  8230 | D:8      | Reached * piety under Cheibriados
  8316 | D:8      | You fall into a shaft and drop 3 floors!
  8332 | D:11     | Reached skill level 1 in Throwing
  8461 | D:11     | Noticed a manticore
  8464 | D:11     | Noticed a troll
  8468 | D:11     | Killed a manticore
  8469 | D:11     | Reached XP level 10. HP: 67/77 MP: 8/19
  8515 | D:11     | Found a frozen archway.
  8521 | D:11     | Reached skill level 7 in Earth Magic
  8609 | IceCv    | Entered an ice cave
  9136 | IceCv    | Noticed an ice statue
  9505 | IceCv    | Noticed an ice statue
  9656 | D:10     | Entered Level 10 of the Dungeon
  9671 | D:10     | Reached ** piety under Cheibriados
  9688 | D:9      | Noticed a two-headed ogre
  9986 | D:9      | Noticed Prince Ribbit
  9995 | D:9      | Killed Prince Ribbit
 10338 | D:10     | Found a radiant altar of Vehumet.
 10362 | D:10     | Found an ornate altar of the Wu Jian Council.
 10730 | D:10     | Found a staircase to the Orcish Mines.
 10922 | D:10     | Reached *** piety under Cheibriados
 11499 | D:9      | Reached XP level 11. HP: 73/85 MP: 2/20
 11723 | D:8      | Noticed Erica
 11874 | D:8      | Killed Erica
 11875 | D:8      | Reached skill level 5 in Transmutations
 11941 | D:8      | Found a basalt altar of Yredelemnul.
 12240 | D:9      | Found a blossoming altar of Fedhas.
 12246 | D:9      | Reached skill level 5 in Dodging
 12335 | D:9      | Found a stormy altar of Qazlal.
 12336 | D:9      | Found an opulent altar of Gozag.
 12453 | D:9      | Killed a two-headed ogre
 12502 | D:9      | Reached **** piety under Cheibriados
 12503 | D:9      | Reached skill level 5 in Fighting
 12629 | D:9      | Found a staircase to the Lair.
 12696 | D:9      | Found Ezopsoja's Assorted Antiques.
 13407 | Lair:1   | Entered Level 1 of the Lair of Beasts
 13541 | Lair:1   | Noticed Sonja
 13546 | Lair:1   | Killed Sonja
 13697 | Lair:1   | Reached skill level 5 in Evocations
 13846 | Lair:1   | Reached skill level 8 in Earth Magic
 13872 | Lair:1   | Reached skill level 5 in Conjurations
 14019 | Lair:1   | Reached skill level 1 in Long Blades
 14190 | Lair:1   | Reached skill level 5 in Short Blades
 14207 | Lair:1   | Reached skill level 5 in Unarmed Combat
 14208 | Lair:1   | Reached ***** piety under Cheibriados
 15158 | Lair:2   | Reached XP level 12. HP: 78/95 MP: 20/23
 15211 | Lair:2   | Found a hole to the Spider Nest.
 15358 | Lair:2   | Noticed a boulder beetle
 15368 | Lair:2   | Killed a boulder beetle
 15560 | Lair:2   | Found a transporter.
 15593 | Lair:2   | Reached skill level 5 in Invocations
 15850 | Lair:2   | Reached skill level 5 in Shields
 16217 | Lair:2   | Found a transporter.
 17135 | Lair:3   | Found a staircase to the Shoals.
 17471 | Lair:3   | Reached ****** piety under Cheibriados
 18166 | Lair:4   | Noticed a seven-headed hydra
 18171 | Lair:4   | Killed a seven-headed hydra
 18303 | Lair:4   | Reached skill level 9 in Earth Magic
 18468 | Lair:4   | Noticed a death yak
 18468 | Lair:4   | Noticed a death yak
 18585 | Lair:4   | Reached XP level 13. HP: 12/103 MP: 5/25
 19236 | Lair:5   | Entered Level 5 of the Lair of Beasts
 19252 | Lair:5   | Noticed a dire elephant
 19252 | Lair:5   | Noticed a dire elephant
 19252 | Lair:5   | Noticed a dire elephant
 19255 | Lair:5   | Noticed a dire elephant
 20085 | Lair:4   | Found a viscous altar of Jiyva.
 20090 | Lair:4   | Found a staircase to the Slime Pits.
 22982 | Lair:5   | Reached XP level 14. HP: 113/113 MP: 10/26
 25036 | D:11     | Noticed Snorg
 25055 | D:11     | Killed Snorg
 25504 | D:12     | Found a portal to a secret trove of treasure.
 26139 | D:12     | Found a sparkling altar of Nemelex Xobeh.
 26670 | D:13     | Reached skill level 10 in Earth Magic
 26832 | D:13     | Reached skill level 5 in Long Blades
 27789 | D:13     | Found a gate to the Vaults.
 27789 | D:13     | Noticed an ironbound preserver
 28142 | D:14     | Found a gate leading to a gauntlet.
 28168 | Gauntlet | Entered a Gauntlet
 28168 | Gauntlet | Found a transporter.
 28254 | Gauntlet | Found a transporter.
 28256 | Gauntlet | Found a transporter.
 28261 | Gauntlet | Found a runed translucent door.
 28263 | Gauntlet | Found a runed translucent door.
 28265 | Gauntlet | Found a transporter.
 28268 | Gauntlet | Found a transporter.
 28278 | Gauntlet | Found a transporter.
 28292 | Gauntlet | Found a runed translucent door.
 28294 | Gauntlet | Found a transporter.
 28296 | Gauntlet | Found a runed translucent door.
 28305 | Gauntlet | Found a transporter.
 28318 | Gauntlet | Found a transporter.
 28335 | Gauntlet | Found a transporter.
 28346 | Gauntlet | Found a transporter.
 28346 | Gauntlet | Found a transporter.
 28388 | Gauntlet | Found a transporter.
 28402 | Gauntlet | Found a transporter.
 28634 | Gauntlet | Paralysed by a great orb of eyes for 2 turns
 28653 | Gauntlet | Identified the +1 hat of the Trout {rC+}
 28884 | Gauntlet | Identified the +8 hand crossbow of the Usurping Gods
                  | {penet, rF+ rC+}
 30054 | D:14     | Reached XP level 15. HP: 121/121 MP: 28/28
 30352 | D:15     | Entered Level 15 of the Dungeon
 30446 | D:15     | Learned a level 5 spell: Irradiate
 31032 | D:15     | Found a shadowy altar of Dithmenos.
 31275 | D:15     | Found a staircase to the Depths.
 31946 | D:15     | Found Ucvoo's Firing Range.
 31951 | D:15     | Bought 5 curare-tipped darts for 114 gold pieces
 32428 | Orc:1    | Entered Level 1 of the Orcish Mines
 32438 | Orc:1    | Reached skill level 1 in Ranged Weapons
 32701 | Orc:2    | Entered Level 2 of the Orcish Mines
 32717 | Orc:2    | Found a staircase to the Elven Halls.
 33607 | Orc:2    | Found Daoh's General Store.
 33607 | Orc:2    | Found Yblun's Armour Boutique.
 33701 | Orc:2    | Found Wedegiwn's Assorted Antiques.
 33701 | Orc:2    | Found Myedew's Distillery.
 33708 | Orc:2    | Bought a lumpy yellow potion for 33 gold pieces
 33717 | Orc:2    | Noticed Maurice
 33752 | Orc:2    | Killed Maurice
 33771 | Orc:2    | Paralysed by an orc sorcerer for 2 turns
 34069 | Orc:2    | Found Punoel's Book Shoppe.
 34379 | Orc:2    | Bought 2 scrolls of revelation for 555 gold pieces
 34391 | Orc:2    | Learned a level 7 spell: Dragon Form
 34975 | Spider:1 | Entered Level 1 of the Spider Nest
 35200 | Spider:1 | Noticed an emperor scorpion
 36345 | Spider:1 | Killed an emperor scorpion
 36722 | Spider:1 | Reached XP level 16. HP: 129/129 MP: 29/29
 37431 | Spider:1 | Reached skill level 11 in Earth Magic
 38485 | Shoals:1 | Entered Level 1 of the Shoals
 39049 | D:12     | You paid a toll of 15 potions of curing to enter a treasure
                  | trove
 39050 | Trove    | Entered a treasure trove
 39057 | Trove    | Identified the ring of Knowledge {Fire SInv}
 39060 | Trove    | Identified the +2 pair of boots of Ytoduf {Will- Str+3
                  | Dex+4 SInv}
 39085 | Trove    | Identified the amulet "Cateon" {Faith Fly rElec rF- Str-5}
 39307 | Spider:1 | Reached skill level 10 in Spellcasting
 40520 | Spider:2 | Noticed Arachne
 40543 | Spider:2 | Killed Arachne
 41031 | Spider:2 | Demolished by a broodmother

Illustrated notes

Levels and vault maps discovered:
D:1:      wander_arrival_estate, layout_basic
D:2:      layout_loops_corners, dreamdust_ecumenical_altar_drowned_temple,
          serial_shops, nicolae_shop_advertising_works
          [nicolae_subvault_shop_adworks], chequers_serial_rivers_small_b,
          minmay_distorted
D:3:      layout_basic, eat_drink_and_be_merry_uskayaw, st_stairs_13,
          hangedman_decor_push
D:4:      layout_basic, cheibrodos_ashenzari_chains
D:5:      lemuel_insect_pit, layout_gridville, led_sif_book,
          nicolae_stop_n_shop_2, kennysheep_generic_room_16
D:6:      layout_rooms, zin_statuary, amcnicky_altar_gilded, uniq_eustachio
D:7:      layout_basic, elyvilon_altar_3, minmay_temple_entry_mini_moons
D:8:      layout_loops_ring, mainiacjoe_overflow_small_starburst,
          hangedman_decor_opposing, uniq_maggie, uniq_erica
D:9:      layout_irregular_city, grunt_temple_overflow_open, dpeg_oklobed_lair,
          serial_glass, glass_columns_b, glass_columns_a, glass_columns_c,
          glass_columns_b, glass_columns_b, glass_columns_b, glass_columns_b,
          glass_columns_a, serial_shops, kennysheep_mini_moat, st_stairs_5,
          uniq_prince_ribbit1
D:10:     old_forge, layout_basic, overflow_temple_1_default,
          mainiacjoe_overflow_surrounded_room, orc_0_dummy
D:11:     layout_basic, portal_ice_cave_demonic_guard, serial_glass,
          glass_columns_a, glass_columns_b, glass_columns_a, glass_columns_a,
          glass_columns_c, glass_columns_a, uniq_snorg
D:12:     layout_basic, nicolae_trove_entry_diagonal,
          nemelex_diamond_rough_becter
D:13:     layout_long_grid, skrybe_vaults_entry_preservation, minmay_hedge_maze
D:14:     layout_loops_ring, roderic_lattice_a, serial_rivers,
          chequers_serial_rivers_small_a, chequers_serial_rivers_micro_a,
          chequers_serial_rivers_micro_e, chequers_serial_rivers_small_b,
          gauntlet_entry_generic, palyth_stone_intersect
D:15:     grunt_enter_depths_snipers, layout_basic,
          grunt_dithmenos_smoke_and_mirrors, nicolae_shop_firing_range
Temple:   hellmonk_temple_beads
Lair:1:   layout_gridlike, serial_bayou_shore_a, uniq_sonja
Lair:2:   gammafunk_cloud_chamber, layout_chaotic_city,
          hellmonk_spider_entry_not_the_bees, worms_lemuel
Lair:3:   layout_cave_shapes, minmay_shoals_entry_lonely_mermaid
Lair:4:   layout_layer_cave, dpeg_slime_entry_corner
Lair:5:   due_jungle_book, layout_regular_city, chequers_serial_rivers_micro_c,
          minmay_lair_drake_nest, lemuel_fruit_fields
Shoals:1: layout_shoals, nicolae_shoals_square_sea_wall
Spider:1: layout_chambers, special_room
Spider:2: layout_spider_delve, special_room, uniq_arachne
Orc:1:    layout_diamond_mine, special_room [special_room_bee]
Orc:2:    st_orc_town, layout_diamond_mine, serial_shops,
          nicolae_shop_real_fake_doors, nicolae_orc_lost_temple, uniq_maurice

Skill      XL: |  1  2  3  4  5  6  7  8  9 10 11 12 13 14 15 16 |
---------------+-------------------------------------------------+-----
Dodging        | 2 3 4 5 6 7 8 |  8.4
Transmutations | 2 3 4 5 6 7 8 9 |  9.1
Earth Magic    | 4 5 6 7 8 9 10 11 | 11.3
Fighting       | 1 2 3 4 5 6 7 8 |  8.8
Spellcasting   | 3 4 5 6 7 8 9 10 | 10.1
Evocations     | 1 2 3 4 5 6 7 8 9 |  9.0
Stealth        | 2 3 4 |  4.2
Unarmed Combat | 1 2 3 4 5 6 7 8 |  8.5
Short Blades   | 1 2 3 4 5 6 7 8 |  8.4
Conjurations   | 1 2 3 4 5 6 7 8 9 |  9.7
Shields        | 1 2 3 4 5 6 7 8 |  8.3
Invocations    | 2 3 4 5 6 7 8 |  8.7
Throwing       | 1 2 |  2.4
Long Blades    | 1 2 4 5 |  5.7
Ranged Weapons | 2 3 |  3.0

Action                     |  1- 3 |  4- 6 |  7- 9 | 10-12 | 13-15 | 16-18 || total
---------------------------+-------+-------+-------+-------+-------+-------++-------
  Melee: Unarmed           |    13 |    18 |       |     4 |     8 |       ||    43
         Tailslap          |     3 |    12 |    13 |    81 |   179 |    37 ||   325
         Dagger            |       |    48 |   118 |   378 |   617 |   131 ||  1292
         Scimitar          |       |       |       |     1 |    19 |       ||    20
         Double sword      |       |       |       |       |       |    12 ||    12
   Fire: Hand crossbow     |       |       |       |       |   275 |    14 ||   289
  Throw: Boomerang         |     6 |     4 |    20 |    12 |    41 |    20 ||   103
         Stone             |       |    14 |       |    16 |    46 |       ||    76
         Dart              |       |       |       |     1 |     5 |       ||     6
   Cast: Sandblast         |    36 |    56 |    25 |     8 |     2 |       ||   127
         Stone Arrow       |       |       |    41 |   250 |   410 |   106 ||   807
         Irradiate         |       |       |       |       |     8 |     4 ||    12
 Invoke: Slouch            |       |       |       |       |    12 |     9 ||    21
Ability: Breathe Steam     |       |       |    11 |     8 |     5 |     2 ||    26
  Evoke: Wand              |       |       |     2 |    14 |     3 |     2 ||    21
         Lightning rod     |       |       |       |       |     4 |     4 ||     8
         Condenser vane    |       |       |       |       |     2 |     1 ||     3
    Use: Potion            |     2 |       |     1 |       |     8 |     5 ||    16
         Scroll            |       |       |    10 |     8 |    14 |     5 ||    37
   Stab: Sleeping          |       |     2 |       |     3 |     1 |       ||     6
 Armour: Skin              |    11 |    10 |    52 |   123 |   329 |    73 ||   598
  Dodge: Dodged            |     8 |    48 |    68 |   417 |   777 |   279 ||  1597
  Block: Buckler           |       |     2 |    26 |   163 |   392 |   140 ||   723

Table legend: (Time is in decaauts)
 A = Elapsed time spent in this place.
 B = Non-inter-level travel time spent in this place.
 C = Inter-level travel time spent in this place.
 D = Time resting spent in this place.
 E = Time spent auto-exploring this place.
 F = Levels seen in this place.
 G = Mean time per level.
                   A        B        C        D        E       F      G
               +--------+--------+--------+--------+--------+-----+--------+
         Total |  53251 |  50161 |   3090 |   6892 |  36483 |  29 | 1836.2 |
       Dungeon |  24516 |  22701 |   1815 |   1552 |  18089 |  15 | 1634.4 |
        Temple |    107 |     90 |     17 |      0 |     62 |   1 |  107.0 |
          Lair |  15947 |  15204 |    743 |   2611 |  10835 |   5 | 3189.4 |
        Shoals |    327 |    327 |      0 |    140 |    137 |   1 |  327.0 |
   Spider Nest |   6514 |   6308 |    206 |   1771 |   3782 |   2 | 3257.0 |
  Orcish Mines |   3172 |   2866 |    306 |      0 |   2320 |   2 | 1586.0 |
         Trove |    136 |    136 |      0 |      0 |      9 |   1 |  136.0 |
      Ice Cave |   1006 |   1006 |      0 |    659 |    196 |   1 | 1006.0 |
      Gauntlet |   1523 |   1523 |      0 |    157 |   1053 |   1 | 1523.0 |
               +--------+--------+--------+--------+--------+-----+--------+

Top non-repeatable levels by time:
Spider:1: 5269 daAuts
  Lair:4: 4740 daAuts
  Lair:5: 3658 daAuts
  Lair:2: 2841 daAuts
    D:15: 2815 daAuts
  Lair:1: 2550 daAuts
  Lair:3: 2157 daAuts
     D:9: 2156 daAuts
    D:14: 2142 daAuts
    D:12: 2141 daAuts
   Orc:2: 2088 daAuts
    D:10: 2045 daAuts
    D:13: 2005 daAuts
    D:11: 1762 daAuts
     D:7: 1664 daAuts
